Map: Jagannatha LE

Players

blcyber - Winner!

  • Race: Zerg Zerg
  • League: Gold

A.I. 1 (Very Easy)

  • Race: Terran Terran

VOD

Have the link to the VOD?

Description

Time

  • Played on: June 21, 2021, 6:43 p.m.
  • Length: 11:29
Show
View Real Time Build Order
Export as new Build Order

blcyber Zerg - Winner!

Build Orders: Hatch First 

Get SALT Encoding   

  12  0:01  Drone  
  13  0:14  Overlord  
  13  0:30  Drone  
  13  0:34  Drone x2  
  16  0:53  Drone  
  16  0:57  Drone  
  18  0:58  Hatchery  
  17  1:07  Extractor  
  17  1:10  Drone  
  17  1:17  Spawning Pool  
  16  1:21  Drone  
  17  1:27  Drone  
  18  1:35  Drone  
  19  1:46  Drone  
  20  2:00  Overlord  
  20  2:07  Queen  
  22  2:10  Queen  
  24  2:18  Metabolic Boost  
  24  2:31  Zergling x4  
  24  2:35  Hatchery  
  25  2:43  Drone x3  
  25  2:44  Drone  
  29  2:52  Queen  
  31  3:02  Overlord  
  31  3:06  Drone x3  
  31  3:08  Drone  
  31  3:11  Drone  
  36  3:16  Overlord  
  36  3:29  Drone  
  36  3:30  Drone  
  36  3:32  Drone x3  
  41  3:42  Overlord  
  41  3:43  Queen  
  43  3:55  Queen  
  45  4:04  Overlord  
  45  4:06  Drone x5  
  50  4:12  Drone x2  
  52  4:25  Overlord  
  52  4:44  Extractor, Drone x2  
  52  4:45  Overlord, Drone  
  54  4:51  Evolution Chamber, Spore Crawler  
  54  4:52  Evolution Chamber  
  51  4:53  Spore Crawler  
  51  4:56  Zergling x12  
  56  5:10  Queen  
  58  5:22  Zerg Melee Weapons Level 1  
  58  5:23  Zerg Ground Armor Level 1  
  58  5:31  Overlord  
  58  5:33  Baneling Nest  
  58  5:34  Lair  
  57  5:49  Overlord  
  57  6:05  Drone x2  
  57  6:06  Drone x8  
  57  6:07  Drone x3  
  57  6:08  Overlord  
  57  6:09  Hatchery x2  
  68  6:11  Overlord  
  68  6:30  Extractor  
  68  6:39  Extractor  
  67  6:40  Extractor  
  66  6:47  Extractor, Drone x2  
  66  6:48  Extractor, Drone  
  66  6:49  Drone x3  
  66  6:50  Drone  
  66  6:51  Drone x2  
  66  6:52  Overlord  
  66  6:53  Drone  
  66  6:54  Drone x2  
  76  6:55  Drone x3  
  76  6:56  Drone x6  
  85  7:09  Centrifical Hooks  
  85  7:17  Overlord  
  85  7:18  Hydralisk Den  
  85  7:21  Zergling x4  
  85  7:22  Zergling x10  
  91  7:33  Drone x2  
  91  7:34  Drone x3  
  91  7:35  Queen  
  98  7:38  Overlord  
  98  7:51  Grooved Spines  
  98  7:52  Zerg Melee Weapons Level 2  
  98  7:53  Zerg Ground Armor Level 2  
  98  7:56  Zergling x4  
  98  7:57  Zergling x14  
  98  7:58  Zergling x10  
  111  8:00  Overlord  
  112  8:08  Baneling x6  
  112  8:09  Baneling x2  
  112  8:13  Zergling x8  
  112  8:17  Overlord  
  112  8:18  Drone x2  
  118  8:26  Hydralisk x2  
  118  8:27  Hydralisk  
  122  8:28  Infestation Pit  
  122  8:32  Extractor, Drone x3  
  122  8:33  Extractor  
  124  8:35  Drone x3  
  124  8:37  Overlord  
  124  8:38  Drone x3  
  124  8:39  Drone  
  131  8:42  Zergling x6  
  134  8:54  Zergling x14  
  134  8:55  Zergling x6  
  144  8:56  Hatchery  
  144  8:58  Overlord  
  143  9:02  Muscular Augments  
  143  9:09  Hive  
  143  9:16  Lurker Den  
  142  9:22  Drone x4  
  146  9:26  Drone x3  
  149  9:33  Drone x2, Spore Crawler  
  149  9:37  Hatchery  
  149  9:38  Zergling x8  
  152  9:43  Hydralisk x4  
  152  9:44  Evolution Chamber, Hydralisk x2  
  164  9:50  Baneling x4  
  164  9:51  Baneling x3  
  164  10:04  Overlord x2  
  164  10:12  Zergling x2  
  164  10:13  Zergling x4, Hydralisk x4  
  175  10:18  Zergling x6, Hydralisk x3  
  175  10:19  Zergling x4  
  186  10:23  Adaptive Talons  
  186  10:31  Hydralisk x4  
  186  10:32  Hydralisk  
  186  10:35  Hydralisk x2  
Show
View Real Time Build Order
Export as new Build Order

A.I. 1 (Very Easy) Terran 

Build Orders: Reaper Expand 

Get SALT Encoding   

  12  0:00  SCV  
  13  0:13  SCV  
  14  0:18  Supply Depot  
  14  0:40  Barracks  
  14  1:02  Command Center  
  14  1:27  Orbital Command  
  14  1:28  Marine  
  14  1:30  Supply Depot  
  15  1:38  Refinery  
  15  1:50  Refinery  
  15  1:53  SCV  
  16  2:05  SCV  
  17  2:17  SCV  
  17  2:18  Reaper  
  17  2:19  SCV  
  20  2:29  SCV  
  21  2:33  SCV  
  22  2:41  SCV  
  23  2:47  SCV  
  23  2:50  Refinery  
  24  2:54  SCV  
  25  3:01  Marine  
  25  3:02  SCV  
  27  3:09  SCV  
  28  3:14  Factory  
  28  3:16  SCV  
  29  3:37  Refinery  
  29  3:39  SCV  
  30  3:45  Marine  
  30  3:46  SCV  
  32  3:51  Supply Depot  
  32  3:53  SCV  
  33  4:00  SCV  
  33  4:02  Starport  
  34  4:07  SCV  
  35  4:15  SCV  
  36  4:22  SCV  
  37  4:29  SCV, Reaper  
  39  4:33  Supply Depot  
  39  4:36  SCV  
  40  4:40  Starport Tech Lab  
  40  4:43  SCV  
  41  4:50  SCV  
  42  4:57  SCV  
  42  4:59  Raven  
  45  5:05  SCV  
  46  5:12  Marine, SCV  
  48  5:42  Raven  
  50  5:55  Marine  
  51  6:03  SCV  
  51  6:39  Barracks Tech Lab  
  51  6:57  Marauder  
  53  10:49  Reaper  
  43  11:02  SCV  
  26  11:06  Factory Tech Lab  
  22  11:12  Supply Depot  
Tags
 
Add a new tag
Caveats
  • Supply blocks, unpowered buildings, or Contaminate may cause inaccurate times.
  • Supply counts are checked every 10 seconds.